 Dungeon Crawl Stone Soup version 0.32-a0-20-ge526923 (webtiles) character file.

Game seed: 13147078706869854385

50 danspanner the Conjurer (level 3, -1/28 HPs)
             Began as a Demonspawn Reaver on Jan 17, 2024.
             Killed from afar by Natasha (8 damage)
             ... with a magic dart
             ... on level 2 of the Dungeon.
             The game lasted 00:05:19 (1209 turns).

danspanner the Conjurer (Demonspawn Reaver)         Turns: 1209, Time: 00:05:20

Health: -1/28      AC: 12    Str: 14    XL:     3   Next: 55%
Magic:  6/6        EV:  4    Int: 13    God:
Gold:   95         SH:  0    Dex: 13    Spells: 5/6 levels left

rFire   + . .        h - +1 spear (vamp)
rCold   x . .        (no shield)
rNeg    . . .        a - +0 plate armour
rPois   .            (no helmet)
rElec   .            (no cloak)
rCorr   .            (no gloves)
SInv    .            f - +1 pair of boots
Will    .....        (no amulet) Stlth
                     e - ring of fire
HPRegen 0.24/turn    (no ring)
MPRegen 0.10/turn

%: no passive effects
@: lethally poisoned (-1 -> -5)
A: thin skeletal structure 1, powered by death 1
a: no special abilities


You were on level 2 of the Dungeon.
You visited 1 branch of the dungeon, and saw 2 of its levels.

You collected 95 gold pieces.

Inventory:

Hand Weapons
 h - a +1 vampiric spear (weapon)
Armour
 a - a +0 plate armour (worn)
 b - a +0 leather armour
 f - a +1 pair of boots (worn)
Jewellery
 e - a ring of fire (left hand)
Potions
 d - 2 potions of might
 g - a potion of curing {unknown}


   Skills:
 + Level 2.4 Fighting
 + Level 3.0 Polearms
 + Level 0.0 Armour
 + Level 2.2 Dodging
 + Level 2.4 Spellcasting
 + Level 3.3 Conjurations


You had 5 spell levels left.
You knew the following spells:

 Your Spells              Type           Power      Damage    Failure   Level
a - Kiss of Death         Conj/Necr      20%        2d7       100%        1

Your spell library contained the following spells:

 Spells                   Type           Power      Damage    Failure   Level
 Momentum Strike          Conj/Tloc      10%        3d8       100%        2
 Hailstorm                Conj/Ice       5%         3d5       100%        3


Dungeon Overview and Level Annotations

Branches:
Dungeon (2/15)

Altars:

Annotations:
D:2 Natasha


Innate Abilities, Weirdness & Mutations

You have a somewhat thin skeletal structure. (Dex +2, Stealth+)
You regenerate a little health from kills.


Message History

You hit the giant cockroach.
You kill the giant cockroach!
You see here 9 stones.
Found a stone staircase leading up.
A ball python comes into view.
Natasha and an adder come into view.
Natasha hisses angrily.
The adder hisses angrily.
Natasha mewls in sadness.
You hit the ball python.
The ball python is heavily wounded.
The ball python bites you. The ball python grabs you.
The ball python constricts you.
You closely miss the ball python.
The ball python is heavily wounded.
The ball python barely misses you. The ball python constricts you.
You escape the ball python's grasp.
The adder bites you. Natasha claws you but does no damage.
The adder attacks as it pursues you! The adder bites you.
You are poisoned.
The adder poisons you! The adder barely misses you.
You feel sick.
You feel sick. The adder attacks as it pursues you! The adder bites you.
You are more poisoned.
The adder poisons you! Natasha attacks as she pursues you! Natasha claws you.
You feel sick.
Natasha mumbles some strange words.
You feel sick. The adder attacks as it pursues you!
The adder bites you but does no damage. The adder bites you.
You are more poisoned.
The adder poisons you!
You feel sick. The adder attacks as it pursues you!
The adder bites you but does no damage.
You feel sick.
Natasha howls an incantation.
Natasha shimmers violently.
You feel sick. Natasha casts a spell at you. The magic dart hits you!
You die...
Natasha begins licking her fur clean.

#. #.......#.### #.##.##.#†##.#
#.........##.# #.# #.#
###...#.####.# ... ##.#
#...#.####.# . ... ..#
#...#......##.# ... ..#
#..>########..# #.##.##.#
#...########.#### ## .......#
#.S@.)..........# #§
#...######.>.#####.##.##.# #§
...#.......5h........†.#...)###§
.............S........)....#...§§
........................#...†.##§
.......##.####...#####.##.....##§
#...... #.# #...............###.
#.##.## #.# #..(##########.## ##
# #. #<# #...# ####.####


You could see Natasha, a cerulean imp (summoned), an adder and a ball python.

Vanquished Creatures
  An adder (D:2)
  4 ribbon worms (D:2)
  2 endoplasms (D:1)
  4 giant cockroaches
  4 goblins (D:1)
  A hobgoblin (D:1)
  4 quokkas
  2 ball pythons
  2 bats (D:1)
  2 frilled lizards
  2 kobolds (D:2)
  2 rats (D:1)
30 creatures vanquished.

Notes
Turn   | Place    | Note
-------+----------+-------------------------------------------
     0 | D:1      | danspanner the Demonspawn Reaver began the quest for the
                  | Orb.
     0 | D:1      | Reached XP level 1. HP: 16/16 MP: 3/3
   278 | D:1      | Gained mutation: You have a somewhat thin skeletal
                  | structure. (Dex +2, Stealth+) [demonic ancestry]
   278 | D:1      | Reached XP level 2. HP: 21/22 MP: 5/5
   988 | D:2      | Gained mutation: You regenerate a little health from kills.
                  | [demonic ancestry]
   988 | D:2      | Reached XP level 3. HP: 24/28 MP: 6/6
  1197 | D:2      | Noticed Natasha
  1209 | D:2      | Killed from afar by Natasha

Illustrated notes

Levels and vault maps discovered:
D:1:      grunt_arrival_lava_bath, layout_loops_corners
D:2:      layout_loops_cross, uniq_natasha

Skill      XL: |  1  2  3 |
---------------+----------+-----
Dodging        | 2 |  2.2
Polearms       | 3 |  3.0
Fighting       | |  2.4
Spellcasting   | |  2.4
Conjurations   | |  3.3

Action                     || total
---------------------------++-------
  Melee: Spear             ||   164
         Punch             ||     1
    Use: Scroll            ||     5
   Stab: Sleeping          ||     6
 Armour: Leather armour    ||    57
         Plate armour      ||    17
  Dodge: Dodged            ||    62

Table legend: (Time is in decaauts)
 A = Elapsed time spent in this place.
 B = Non-inter-level travel time spent in this place.
 C = Inter-level travel time spent in this place.
 D = Time resting spent in this place.
 E = Time spent auto-exploring this place.
 F = Levels seen in this place.
 G = Mean time per level.
                   A        B        C        D        E       F      G
               +--------+--------+--------+--------+--------+-----+--------+
         Total |   1201 |   1201 |      0 |      0 |    878 |   2 |  600.5 |
       Dungeon |   1201 |   1201 |      0 |      0 |    878 |   2 |  600.5 |
               +--------+--------+--------+--------+--------+-----+--------+

Top non-repeatable levels by time:
     D:1: 853 daAuts
     D:2: 348 daAuts
